 Dungeon Crawl Stone Soup version 0.32-a0-909-gc671339a80 (webtiles) character file.

Game seed: 2522698432144628017

7 Shayle the Apothecary (level 2, -2/20 HPs)
             Began as a Coglin Alchemist on Apr 6, 2024.
             Slain by a quokka (4 damage)
             ... on level 1 of the Dungeon.
             The game lasted 00:01:10 (235 turns).

Shayle the Apothecary (Coglin Alchemist)             Turns: 235, Time: 00:01:10

Health: -2/20      AC:  2    Str:  8    XL:     2   Next: 4%
Magic:  4/4        EV: 11    Int: 14    God:
Gold:   1          SH:  0    Dex: 14    Spells: 3/4 levels left

rFire   . . .        (no weapon)
rCold   . . .        (no shield)
rNeg    . . .        a - +0 robe
rPois   .            (no helmet)
rElec   .            (no cloak)
rCorr   .            (no gloves)
SInv    .            (no boots)
Will    .....        (amulet unavailable)
Stlth   ++           (ring unavailable)
HPRegen 0.23/turn    (ring unavailable)
MPRegen 0.09/turn    (no gizmo)

%: no passive effects
@: no status effects
A: off-hand wielding, slow wielding, warmup strikes, no jewellery
a: Invent Gizmo


You were on level 1 of the Dungeon.
You visited 1 branch of the dungeon, and saw 1 of its levels.

You collected 1 gold pieces.

Inventory:

Armour
 a - a +0 robe (worn)
Potions
 c - a potion of berserk rage {unknown}


   Skills:
 + Level 0.7 Fighting
 + Level 0.7 Long Blades
 + Level 2.0 Dodging
 - Level 1.5 Stealth
 - Level 1.7 Spellcasting
 - Level 0.8 Conjurations
 - Level 3.2 Alchemy


You had 3 spell levels left.
You knew the following spells:

 Your Spells              Type           Power      Damage    Failure   Level
a - Sting                 Conj/Alch      28%        1d4       11%         1

Your spell library contained the following spells:

 Spells                   Type           Power      Damage    Failure   Level
 Mercury Vapours          Alch/Air       10%        N/A       19%         2
 Mephitic Cloud           Conj/Alch/Air  5%         N/A       38%         3
 Olgreb's Toxic Radiance  Alch           10%        N/A       54%         4
 Sticky Flame             Fire/Alch      5%         2d4       77%         4


Dungeon Overview and Level Annotations

Branches:
Dungeon (1/15)

Altars:


Innate Abilities, Weirdness & Mutations

You can wield a second weapon in your off-hand.
It takes a long time for you to wield or remove held weapons.
Your first few attacks do less damage.
You cannot equip rings or amulets.


Message History

You are very lightly contaminated with residual magic.
Nothing appears to happen.
The ball python bites you. The ball python constricts you.
You escape the ball python's grasp.
The ball python attacks as it pursues you!
The ball python misses you. The ball python closely misses you.
Your magical contamination has completely faded away.
The ball python closely misses you.
Casting: Sting (safe; 11% risk of failure)
Confirm with . or Enter, or press ? or * to list all spells.
You don't know that spell.
The ball python attacks as it pursues you!
The ball python bites you. The ball python barely misses you.
Casting: Sting (safe; 11% risk of failure)
Confirm with . or Enter, or press ? or * to list all spells.
Aiming: Sting (safe; 11% risk of failure)
Press: ? - help, Shift-Dir - straight line, f/p - ball python
Aim: a ball python (moderately wounded, 64% to hit)
The sting hits the ball python.
The ball python is poisoned.
You kill the ball python!
Unknown command.
The quokka attacks as it pursues you! The quokka bites you.
* * * LOW HITPOINT WARNING * * *
The quokka twitches its whiskers.
The quokka bites you.
* * * LOW HITPOINT WARNING * * *
The quokka attacks as it pursues you!
The quokka bites you but does no damage.
The quokka attacks as it pursues you! The quokka bites you.
* * * LOW HITPOINT WARNING * * *
Magic courses through your body. The quokka barely misses you.
The quokka bites you.
* * * LOW HITPOINT WARNING * * *
Casting: Sting (safe; 11% risk of failure)
Confirm with . or Enter, or press ? or * to list all spells.
Aiming: Sting (safe; 11% risk of failure)
Press: ? - help, Shift-Dir - straight line, f - quokka
Aim: a quokka (56% to hit)
The sting misses the quokka.
The quokka bites you.
You die...

#.........##### ##. #.#
#.............# #. #..S
.............# ##. #..r
............# #..
#...#######.####....# #.#
#...................######.#
#.....#####.####....##...#..
#.#...#####.# ##....#.......
#.....†..#.@###.............
##..#.##..r##...............
# #.###..#...#...#........
..# #.......#.#.#.#.....
.........................
..............#.#.#.#.....
$.......#.......>..........
................#.#†#.#.....
..)..........................


You could see a quokka.

Vanquished Creatures
  4 ball pythons (D:1)
  2 bats (D:1)
  A giant cockroach (D:1)
7 creatures vanquished.

Notes
Turn   | Place    | Note
-------+----------+-------------------------------------------
     0 | D:1      | Shayle the Coglin Alchemist began the quest for the Orb.
     0 | D:1      | Reached XP level 1. HP: 13/13 MP: 3/3
   206 | D:1      | Reached XP level 2. HP: 17/20 MP: 0/4
   235 | D:1      | Slain by a quokka

Illustrated notes

Levels and vault maps discovered:
D:1:      tarquinn_simple_flora_water_b, layout_rooms,
          hangedman_decor_diamond_cutter, st_stairs_8

Skill      XL: |  1 |
---------------+----+-----
Dodging        | 2 |  2.0
Fighting       | |  0.7
Long Blades    | |  0.7
Stealth        | |  1.5
Spellcasting   | |  1.7
Conjurations   | |  0.8
Alchemy        | |  3.2

Action                     || total
---------------------------++-------
  Melee: Unarmed           ||    24
         Punch             ||     1
   Cast: Sting             ||    10
    Use: Potion            ||     1
 Armour: Robe              ||    35
  Dodge: Dodged            ||    30

Table legend: (Time is in decaauts)
 A = Elapsed time spent in this place.
 B = Non-inter-level travel time spent in this place.
 C = Inter-level travel time spent in this place.
 D = Time resting spent in this place.
 E = Time spent auto-exploring this place.
 F = Levels seen in this place.
 G = Mean time per level.
                   A        B        C        D        E       F      G
               +--------+--------+--------+--------+--------+-----+--------+
         Total |    235 |    235 |      0 |     25 |    123 |   1 |  235.0 |
       Dungeon |    235 |    235 |      0 |     25 |    123 |   1 |  235.0 |
               +--------+--------+--------+--------+--------+-----+--------+

Top non-repeatable levels by time:
     D:1: 235 daAuts
